 Dungeon Crawl Stone Soup version 0.30-a0-134-gb40fab5c76 (webtiles) character file.

Game seed: 6634726677718744077

33 enile the Firebug (level 3, 0/21 HPs)
             Began as an Octopode Fire Elementalist on Sept 19, 2022.
             Was a Follower of Hepliaklqana.
             Slain by a goblin
             ... wielding a +0 club
              (4 damage)
             ... on level 1 of the Dungeon.
             The game lasted 00:01:42 (1620 turns).

enile the Firebug (Octopode Fire Elementalist)      Turns: 1620, Time: 00:01:42

Health: 0/21       AC:  1    Str:  7    XL:     3   Next: 29%
Magic:  7/7        EV: 13    Int: 19    God:    Hepliaklqana [*.....]
Gold:   84         SH:  0    Dex: 12    Spells: 1/7 levels left

rFire   . . .      SeeInvis .    c - +0 short sword
rCold   . . .      Faith    .    (no shield)
rNeg    . . .      Spirit   .    (helmet restricted)
rPois   .          Reflect  .    (no amulet)
rElec   .          Harm     .    (no ring)
rCorr   .          Rampage  .    (no ring)
Will    .....                    (no ring)
Stlth   +++.......               (no ring)
HPRegen 0.07/turn                (no ring)
MPRegen 0.10/turn                (no ring)
                                 (no ring)
                                 (no ring)

@: no status effects
A: reduced essence, almost no armour, amphibious, 8 rings, camouflage 1,
gelatinous body 1, (nimble swimmer 1), tentacles
a: Renounce Religion, Recall Ancestor, Ancestor Identity


You were on level 1 of the Dungeon.
You worshipped Hepliaklqana.
Hepliaklqana was aware of your devotion.
You visited 1 branch of the dungeon, and saw 2 of its levels.

You collected 84 gold pieces.

Inventory:

Hand Weapons
 c - a +0 short sword (weapon)
Scrolls
 b - a scroll of immolation {unknown}
 e - a scroll of blinking {unknown}
 f - a scroll of poison {unknown}
Potions
 a - a potion of magic
 d - a potion of invisibility {unknown}
 g - 2 potions of cancellation
 h - a potion of heal wounds {unknown}
 i - a potion of haste {unknown}


   Skills:
 - Level 2.0 Fighting
 - Level 2.0 Dodging
 - Level 2.6 Stealth
 + Level 2.7 Spellcasting
 - Level 1.0 Conjurations
 - Level 3.0 Fire Magic


You had one spell level left.
You knew the following spells:

 Your Spells              Type           Power      Damage    Failure   Level
a - Foxfire               Conj/Fire      40%        2x1d6     7%          1
b - Scorch                Fire           28%        2d6       7%          2
c - Inner Flame           Hex/Fire       8%         N/A       26%         3

Your spell library contained the following spells:

 Spells                   Type           Power      Damage    Failure   Level
 Kindle Blastsparks       Fire/Tloc/Air  12%        2d11      30%         3
 Gell's Gravitas          Tloc           2%         N/A       43%         3
 Teleport Other           Tloc           2%         N/A       43%         3
 Flame Wave               Conj/Fire      10%        2d6       56%         4
 Dispersal                Tloc           1%         N/A       100%        6


Dungeon Overview and Level Annotations

Branches:
Dungeon (2/15)

Altars:
Hepliaklqana

Annotations:
D:2 Robin


Innate Abilities, Weirdness & Mutations

Your life essence is reduced to manifest your ancestor. (-10% HP)
You cannot wear most types of armour.
You are amphibious.
You can wear up to eight rings at the same time.
Your skin changes colour to match your surroundings (Stealth+).
Your rubbery body absorbs attacks. (AC +1, EV +1)
((You are camouflaged when in or above water. (Stealth+)))
You have tentacles for arms and can constrict up to eight enemies at once.


Message History

You finish memorising.
Spell assigned to 'c'.
Okay, then.
You swap places.
Things that are here:
a +0 dagger; a goblin skeleton
There is a stone staircase leading down here.
You climb downwards.
Level annotation: Robin The hobgoblin hits you.
The rat closely misses you.
The goblin hits Servius with a +0 club.
Robin throws the goblin at you! The goblin closely misses you.
The hobgoblin barely misses you. The rat barely misses you.
The goblin hits Servius with a +0 dagger.
The goblin hits Servius with a +0 club. x2
The goblin hits you but does no damage.
There is a stone staircase leading up here.
The goblin barely misses Servius.
The hobgoblin hits you. The rat misses you.
The goblin hits Servius with a +0 dagger.
Servius is destroyed!
The goblin hits you with a +0 club. The goblin closely misses you.
You climb upwards.
There is a stone staircase leading down here.
The hobgoblin attacks as you move away! The hobgoblin barely misses you.
The goblin barely misses you.
Things that are here:
a +0 dagger; a goblin skeleton The hobgoblin attacks as you move away!
The hobgoblin closely misses you. The goblin attacks as you move away!
The goblin closely misses you.
Okay, then.
The goblin attacks as you move away! The goblin hits you with a +0 club.
* * * LOW HITPOINT WARNING * * *
Okay, then.
Okay, then.
You aren't carrying any items that you can evoke.
Unknown command.
Okay, then.
It was a potion of cancellation.
You feel magically purged. The goblin attacks as you move away!
The goblin barely misses you. The goblin hits you with a +0 club.
You die...

#...........#######.R.# #......#
##...#.....###########.######.#.#
...###.....###................#.#
................>....#.####......
........####.#.#g###.#.####.#.#.#
.#....#.....(...r....#...##.#.#..
.####.######.#.#g#######.##.#)...
.# #.# ###...g.##....#.##.#....
.# #.# #......@##.#...........#
.# #.####.~~~.#.##.#....#...#..#
.# #).....~_~......#.#..#.......
.# ######.~~~...##.#.#..#...[...
.# #............##.#....#..#....
.# #.........#..##.####.#..#...#
.# #........##..##....#.#......#
.#######......#..##...##.#.####.#
.........###...........#........#


You could see a hobgoblin, 2 goblins and a rat.

Vanquished Creatures
  A dart slug (D:1)
  3 endoplasms (D:1)
  2 giant cockroaches (D:1)
  A goblin (D:1)
  3 hobgoblins (D:1)
  2 quokkas (D:1)
  3 ball pythons (D:1)
  2 bats (D:1)
  3 frilled lizards (D:1)
  4 kobolds (D:1)
  4 rats (D:1)
28 creatures vanquished.

Vanquished Creatures (collateral kills)
  An endoplasm (D:1)
  2 goblins (D:1)
3 creatures vanquished.

Vanquished Creatures (others)
  2 ancestors
  64 foxfires (D:1)
66 creatures vanquished.

Grand Total: 97 creatures vanquished

Notes
Turn   | Place    | Note
-------+----------+-------------------------------------------
     0 | D:1      | enile the Octopode Fire Elementalist began the quest for
                  | the Orb.
     0 | D:1      | Reached XP level 1. HP: 11/11 MP: 3/3
    88 | D:1      | Found a faded altar of an unknown god.
    97 | D:1      | Reached skill level 1 in Fighting
   105 | D:1      | Prayed at the altar of an unknown god.
   105 | D:1      | Became a worshipper of Hepliaklqana the Forgotten
   105 | D:1      | Reached * piety under Hepliaklqana
   361 | D:1      | Reached XP level 2. HP: 16/16 MP: 1/5
   463 | D:1      | Learned a level 2 spell: Scorch
   980 | D:1      | Reached XP level 3. HP: 21/21 MP: 3/6
  1395 | D:2      | Noticed Robin
  1591 | D:1      | Learned a level 3 spell: Inner Flame
  1620 | D:1      | Slain by a goblin

Illustrated notes

Levels and vault maps discovered:
D:1:      nzn_arrival_crosshair, layout_basic,
          hellmonk_ecumenical_altar_pennies_from_heaven, minmay_tiny_reverse_x
D:2:      kennysheep_big_flooded_room, layout_rooms, uniq_sigmund, uniq_robin,
          uniq_jessica

Skill      XL: |  1  2 |
---------------+-------+-----
Fighting       | 1 2 |  2.0
Dodging        | |  2.0
Stealth        | |  2.6
Spellcasting   | |  2.7
Conjurations   | |  1.0
Fire Magic     | |  3.0

Action                   || total
-------------------------++-------
Melee: Unarmed           ||     6
       Tentacles         ||     3
       Constrict         ||     2
       Short sword       ||    17
 Cast: Foxfire           ||    37
       Scorch            ||     3
  Use: Potion            ||     1
Armor: Skin              ||     1
Dodge: Dodged            ||    24

Table legend: (Time is in decaauts)
 A = Elapsed time spent in this place.
 B = Non-inter-level travel time spent in this place.
 C = Inter-level travel time spent in this place.
 D = Time resting spent in this place.
 E = Time spent auto-exploring this place.
 F = Levels seen in this place.
 G = Mean time per level.
                   A        B        C        D        E       F      G
               +--------+--------+--------+--------+--------+-----+--------+
         Total |   1621 |   1557 |     64 |    162 |   1195 |   2 |  810.5 |
       Dungeon |   1621 |   1557 |     64 |    162 |   1195 |   2 |  810.5 |
               +--------+--------+--------+--------+--------+-----+--------+

Top non-repeatable levels by time:
     D:1: 1615 daAuts
     D:2: 6 daAuts
